 Dungeon Crawl Stone Soup version 0.28-a0-1404-g4df0f3684d (webtiles) character file.

Game seed: 9385421547268995099

25939 wakim the Grappler (level 12, -8/126 HPs)
             Began as a Troll Hunter on Jan 5, 2022.
             Was an Elder of Yredelemnul.
             Killed by divine providence
             ... invoked by an orc priest
             ... led by Saint Roka
              (16 damage)
             ... on level 2 of the Orcish Mines.
             The game lasted 00:42:45 (12625 turns).

wakim the Grappler (Troll Hunter)                  Turns: 12625, Time: 00:42:46

Health: -8/126     AC: 12    Str: 20    XL:     12   Next: 93%
Magic:  18/18      EV:  5    Int: 15    God:    Yredelemnul [****..]
Gold:   391        SH:  0    Dex: 14    Spells: 11/11 levels left

rFire   . . .      SeeInvis .     - Unarmed
rCold   . . .      Faith    .   (no shield)
rNeg    . . .      Spirit   .   r - +0 storm dragon scales "Laqoroev" {Contam rElec Str-3 Int+8 Slay+4}
rPois   .          Reflect  .   (helmet restricted)
rElec   +          Harm     .   S - scarf {repulsion}
rCorr   .          Rampage  .   (gloves unavailable)
Will    .....                   (boots unavailable)
Stlth   ..........              (no amulet)
HPRegen 1.11/turn               N - ring of wizardry
MPRegen 0.16/turn               V - ring of wizardry

@: repel missiles
A: large, unfitting armour, claws 3, regeneration 1, shaggy fur 1, tough skin 1
a: Renounce Religion, Recall Undead Harvest, Dark Bargain, Drain Life


You were on level 2 of the Orcish Mines.
You worshipped Yredelemnul.
Yredelemnul was aware of your devotion.
You visited 3 branches of the dungeon, and saw 14 of its levels.

You collected 670 gold pieces.
You spent 279 gold pieces at shops.

Inventory:

Missiles
 c - 9 large rocks {=f}
 d - 5 throwing nets {=f!f}
 q - 5 curare-tipped darts {=f}
 s - 472 stones
 x - 2 javelins
 z - 5 datura-tipped darts
 A - 20 boomerangs
 Q - 20 poisoned darts (quivered)
Armour
 r - the +0 storm dragon scales "Laqoroev" (worn) {Contam rElec Str-3 Int+8 Slay+4}
   (You acquired it on level 2 of the Orcish Mines)

   Str:       It affects your strength (-3).
   Int:       It affects your intelligence (+8).
   Slay:      It affects your accuracy & damage with ranged weapons and melee
   (+4).
   rElec:     It insulates you from electricity.
   Contam:    It causes magical contamination when unequipped.
 P - a +1 robe
 S - a scarf of repulsion (worn)
Jewellery
 N - a ring of wizardry (left claw)
 V - a ring of wizardry (right claw)
 Z - a ring of fire
Wands
 t - a wand of digging (4)
 u - a wand of mindburst (10)
 v - a wand of flame (14)
 w - a wand of acid (2)
 y - a wand of paralysis (4)
Scrolls
 n - a scroll of summoning {unknown}
 o - a scroll of noise {unknown}
 O - 4 scrolls of enchant weapon
 R - 2 scrolls of magic mapping {!r}
 T - 4 scrolls of teleportation
 U - a scroll of fear
 W - a scroll of amnesia
 X - 3 scrolls of fog
 Y - 2 scrolls of blinking {!r}
Potions
 B - 3 potions of attraction {!q}
 C - 2 potions of berserk rage {!q}
 D - a potion of brilliance
 E - a potion of cancellation
 F - 6 potions of curing
 G - a potion of flight
 H - 2 potions of haste
 I - a potion of invisibility
 J - a potion of heal wounds
 K - 2 potions of magic
 L - 2 potions of lignification {!q}
 M - a potion of mutation {!q}
Miscellaneous
 p - a piece from Xom's chessboard (15/15)


   Skills:
 + Level 10.1 Fighting
 - Level 8.0 Throwing
 - Level 1.5 Dodging
 - Level 0.3 Stealth
 + Level 13.2 Unarmed Combat
 * Level 10.1 Invocations


You had 11 spell levels left.
You didn't know any spells.
Your spell library contained the following spells:

 Spells                   Type           Power      Damage    Failure   Level
 Sandblast                Erth           0%         2d4       61%         1
 Blink                    Tloc           0%         N/A       75%         2
 Ensorcelled Hibernation  Hex/Ice        0%         N/A       75%         2
 Passwall                 Tmut/Erth      0%         N/A       75%         2
 Scorch                   Fire           0%         2d5       75%         2
 Lesser Beckoning         Tloc           0%         N/A       91%         3
 Ozocubu's Armour         Ice            0%         N/A       91%         3
 Spider Form              Tmut/Pois      0%         N/A       91%         3
 Stone Arrow              Conj/Erth      0%         3d7       91%         3
 Summon Guardian Golem    Hex/Summ       0%         N/A       91%         3
 Swiftness                Air            0%         N/A       91%         3
 Cause Fear               Hex            0%         N/A       99%         4
 Flame Wave               Conj/Fire      0%         2d4       99%         4
 Petrify                  Tmut/Erth      0%         N/A       99%         4
 Summon Ice Beast         Ice/Summ       0%         N/A       99%         4
 Alistair's Intoxication  Tmut/Pois      0%         N/A       100%        5
 Borgnjor's Vile Clutch   Necr/Erth      0%         N/A       100%        5
 Manifold Assault         Tloc           0%         N/A       100%        5
 Metabolic Englaciation   Hex/Ice        0%         N/A       100%        5
 Summon Mana Viper        Hex/Summ       0%         N/A       100%        5
 Eringya's Noxious Bog    Tmut/Pois      0%         N/A       100%        6
 Simulacrum               Ice/Necr       0%         N/A       100%        6
 Statue Form              Tmut/Erth      0%         N/A       100%        6
 Summon Cactus Giant      Summ           0%         N/A       100%        6
 Dragon Form              Tmut           0%         N/A       100%        7
 Monstrous Menagerie      Summ           0%         N/A       100%        7
 Orb of Destruction       Conj           0%         N/A       100%        7
 Spellforged Servitor     Conj/Summ      0%         N/A       100%        7
 Dragon's Call            Summ           0%         N/A       100%        9


Dungeon Overview and Level Annotations

Branches:
Dungeon (11/15)            Temple (1/1) D:7            Lair (0/6) D:10
    Orc (2/2) D:11            Elf (0/3) Orc:2

Altars:
Ashenzari
Cheibriados
Dithmenos
Elyvilon
Fedhas
Gozag
Hepliaklqana
Kikubaaqudgha
Makhleb
Nemelex Xobeh
Okawaru
Qazlal
Ru
Sif Muna
Trog
Uskayaw
Vehumet
Wu Jian
Xom
Yredelemnul
Zin
The Shining One
Beogh

Shops:
D:6 [*   D:7 *   Orc:2 :*

Annotations:
Orc:2 Saint Roka


Innate Abilities, Weirdness & Mutations

You are too large for most types of armour.
You have claws for hands.
Your natural rate of healing is unusually fast.
You are covered in fur. (AC +1)
You have tough skin. (AC +1)


Message History

Your orc priest zombie hits the orc but does no damage.
Your orc priest zombie closely misses the orc priest.
The orc priest hits your orc priest zombie with a +0 dagger.
Your bound orc knight hits the orc with a +1 dire flail!!
The orc dies!
A black mist starts to gather...
The orc warrior hits your orc priest zombie with a +0 halberd!
Your orc sorcerer zombie hits the orc warrior but does no damage.
The orc barely misses your orc priest zombie.
Your orc warrior zombie closely misses the orc priest.
Saint Roka invokes the aid of Beogh against you.
Beogh smites you!
* * * LOW HITPOINT WARNING * * *
The orc priest hits your orc priest zombie with a +0 dagger.
Your orc priest zombie closely misses the orc priest.
Your orc priest zombie hits the orc but does no damage.
Your bound orc knight hits the orc with a +1 dire flail!
The orc dies!
A black mist starts to gather...
The orc warrior hits your orc priest zombie with a +0 halberd!!
Your orc priest zombie is destroyed!
Your orc warrior zombie hits the orc priest but does no damage.
The orc priest miscasts a cantrip.
Your orc sorcerer zombie closely misses the orc warrior.
Your orc priest zombie barely misses the orc priest.
Your bound orc knight closely misses the orc warrior.
The orc no longer looks unusually strong.
The orc warrior hits your orc knight zombie with a +0 halberd!
Your orc zombie barely misses the orc warrior.
The orc priest hits your orc priest zombie with a +0 dagger.
Your orc zombie misses the orc warrior.
Your orc sorcerer zombie hits the orc warrior but does no damage.
Your orc warrior zombie closely misses the orc priest.
Your orc knight zombie hits the orc warrior!
The orc warrior dies!
Your orc priest zombie hits the orc priest but does no damage.
The orc priest mumbles some strange prayers to Beogh against you.
Beogh smites you!
You die...
Your body rises from the dead as a mindless zombie.

.###.###'#####.##... .....
##.............##...##.....
#.##'##....#####...#.....#
##.#..)#....#..##..##.....#
...#...#....'..#...#......#
##.#####.####..#...)o....# .
.#..........####....Zo..##...
.#.....####.####.8..Z8Z..8...
(#..)..#..#....'@....ZZZo....
##.....#..'.####.8.))8.Z.8...
.......#).#.####......Z.##...
.#####.####.#..#.........# .
.#.).#..).).'..#...#......#
Z#.).#.#....#..##..##.....#
.##Z##.#....#####...#.....#
Z..Z.).#.......##...##.....
'###.###+#####.#


You could see an orc priest (strong, ally target), an orc (ally target), a
friendly bound orc knight, 2 friendly orc zombies, a friendly orc warrior
zombie, 2 friendly orc priest zombies, a friendly orc knight zombie and a
friendly orc sorcerer zombie.

Vanquished Creatures
  An orc warlord (Orc:2)
  Harold (D:8)
  2 death yaks
  3 two-headed ogres
  Sonja (D:10)
  2 orc knights (Orc:2)
  3 orc sorcerers (Orc:2)
  A cyclops (D:11)
  An ugly thing (D:9)
  Maurice (D:8)
  5 polar bears (D:9)
  3 trolls
  Prince Ribbit (D:6)
  A wraith (D:11)
  A wyvern (D:9)
  9 yaks
  A hog (D:9)
  A basilisk (D:8)
  2 steam dragons
  4 wargs
  2 acid dragons
  A water moccasin (D:8)
  A sky beast (D:8)
  15 orc warriors
  10 ogres
  6 black bears
  2 necrophages
  A wolf (D:9)
  8 centaurs
  A kobold brigand (D:9)
  A gnoll sergeant (D:7)
  A scorpion (D:6)
  12 killer bees
  11 wights
  3 howler monkeys
  2 electric eels (D:6)
  A crimson imp (D:3)
  A bullfrog zombie (D:7)
  5 centaur zombies
  A jelly (D:6)
  12 orc priests
  2 centaur skeletons (D:6)
  2 gnoll shamans
  4 hounds
  6 iguanas
  Natasha (D:4)
  9 orc wizards
  A killer bee zombie (D:7)
  A howler monkey zombie (D:8)
  18 gnolls
  A howler monkey skeleton (D:7)
  7 adders
  2 river rats (D:10)
  A shadow imp (D:8)
  A white imp (D:6)
  An adder skeleton (D:4)
  4 worms
  3 dart slugs
  67 orcs
  6 ball pythons
  6 bats
  7 endoplasms
  2 giant cockroaches
  3 goblins
  12 hobgoblins
  A jackal (D:1)
  11 kobolds
  4 quokkas
  A frilled lizard (D:2)
  A goblin skeleton (D:3)
  A goblin zombie (D:3)
  3 hobgoblin zombies (D:3)
  2 kobold skeletons (D:3)
  2 orc skeletons (D:3)
  2 orc zombies (D:3)
  8 rats
344 creatures vanquished.

Vanquished Creatures (collateral kills)
  An orc warlord (Orc:2)
  A two-headed ogre (Orc:2)
  2 death yaks (D:10)
  2 orc knights (Orc:2)
  An orc sorcerer (Orc:2)
  An ugly thing (D:11)
  2 yaks (D:10)
  A hog (D:9)
  5 orc warriors (Orc:2)
  A black bear (D:9)
  2 ogres (Orc:2)
  A centaur zombie (D:9)
  An orc priest (Orc:2)
  An orc wizard (Orc:2)
  A hell rat (D:10)
  A gnoll (D:8)
  A river rat (D:10)
  13 orcs
  2 goblins (D:7)
  A kobold (D:9)
  A rat (D:10)
42 creatures vanquished.

Vanquished Creatures (others)
  A death yak zombie (D:10)
  A two-headed ogre zombie (Orc:2)
  A warg zombie (D:11)
  3 polar bear zombies (D:9)
  A wolf zombie (D:9)
  3 centaur zombies (D:11)
  A basilisk zombie (D:8)
  A jelly (D:8)
  A killer bee zombie (D:9)
  A kobold zombie (D:9)
  A necrophage zombie (D:8)
  4 ogre zombies (Orc:2)
  A hound zombie (D:9)
  A howler monkey zombie (D:11)
  A river rat zombie (D:10)
  A gnoll zombie (D:8)
  A hobgoblin zombie (D:11)
  34 orc zombies
  A fungus (D:2)
  4 plants
63 creatures vanquished.

Grand Total: 449 creatures vanquished

Notes
Turn   | Place    | Note
-------+----------+-------------------------------------------
     0 | D:1      | wakim the Troll Hunter began the quest for the Orb.
     0 | D:1      | Reached XP level 1. HP: 19/19 MP: 0/0
     1 | D:1      | !bestwep
   165 | D:1      | Reached skill level 1 in Unarmed Combat
   194 | D:1      | Reached XP level 2. HP: 28/28 MP: 1/1
   196 | D:1      | !bestwep
   542 | D:1      | Reached skill level 2 in Unarmed Combat
   585 | D:1      | Reached XP level 3. HP: 35/35 MP: 2/2
   721 | D:2      | !bestwep
   753 | D:2      | Found a faded altar of an unknown god.
  1396 | D:3      | Reached skill level 3 in Unarmed Combat
  1396 | D:3      | Reached XP level 4. HP: 43/44 MP: 3/3
  1401 | D:3      | !bestwep
  1615 | D:3      | Found a glowing golden altar of the Shining One.
  1632 | D:3      | Reached XP level 5. HP: 49/50 MP: 4/4
  1823 | D:3      | !bestwep
  2045 | D:3      | Reached skill level 4 in Unarmed Combat
  2335 | D:4      | !bestwep
  2374 | D:4      | Noticed an ogre
  2386 | D:4      | Killed an ogre
  2387 | D:4      | Reached skill level 5 in Unarmed Combat
  2387 | D:4      | Reached XP level 6. HP: 46/61 MP: 5/5
  2974 | D:4      | Reached skill level 6 in Unarmed Combat
  2974 | D:4      | Reached XP level 7. HP: 59/68 MP: 6/6
  3170 | D:4      | Found a blossoming altar of Fedhas.
  3243 | D:4      | Noticed Natasha
  3246 | D:4      | Killed Natasha
  3387 | D:4      | Reached skill level 7 in Unarmed Combat
  3542 | D:5      | Entered Level 5 of the Dungeon
  3616 | D:5      | Reached XP level 8. HP: 70/79 MP: 7/7
  3761 | D:5      | Reached skill level 5 in Fighting
  3761 | D:5      | Reached skill level 8 in Unarmed Combat
  4342 | D:5      | Found a bloodstained altar of Trog.
  4387 | D:6      | Reached skill level 9 in Unarmed Combat
  4622 | D:6      | Reached XP level 9. HP: 86/89 MP: 8/8
  4792 | D:6      | Noticed Prince Ribbit
  4802 | D:6      | Killed Prince Ribbit
  5043 | D:6      | Found Xalacvi's General Store.
  5047 | D:6      | Found Feuhirch's Antique Armour Emporium.
  5065 | D:6      | Bought a potion of curing for 39 gold pieces
  5348 | D:7      | Reached skill level 5 in Throwing
  5365 | D:7      | Found a staircase to the Ecumenical Temple.
  5409 | Temple   | Entered the Ecumenical Temple
  5414 | Temple   | Became a worshipper of Yredelemnul the Dark
  5481 | D:7      | Found Guant's CLEARANCE SALE!.
  6485 | D:7      | Found an iron altar of Okawaru.
  6494 | D:7      | Reached * piety under Yredelemnul
  6542 | D:8      | Reached skill level 10 in Unarmed Combat
  6971 | D:8      | Noticed Harold
  6992 | D:8      | Killed Harold
  6993 | D:8      | Reached XP level 10. HP: 29/100 MP: 9/9
  7254 | D:8      | Noticed Maurice
  7274 | D:8      | Found a radiant altar of Vehumet.
  7473 | D:8      | Killed Maurice
  7536 | D:8      | Found a hazy altar of Hepliaklqana.
  7593 | D:9      | Noticed a white ugly thing
  7795 | D:9      | Reached ** piety under Yredelemnul
  7808 | D:9      | Found a sparkling altar of Nemelex Xobeh.
  7887 | D:9      | Found a huge runed translucent gate.
  7887 | D:9      | Found a huge runed translucent gate.
  7887 | D:9      | Found a huge runed translucent gate.
  7887 | D:9      | Found a huge runed translucent gate.
  7890 | D:9      | Noticed a death yak
  8224 | D:9      | Killed a white ugly thing
  8409 | D:9      | Reached skill level 11 in Unarmed Combat
  8409 | D:9      | Reached skill level 1 in Invocations
  8520 | D:9      | Killed a death yak
  8521 | D:9      | Reached XP level 11. HP: 57/111 MP: 7/12
  8736 | D:10     | Entered Level 10 of the Dungeon
  8953 | D:10     | Reached *** piety under Yredelemnul
  9035 | D:10     | Found a staircase to the Lair.
  9035 | D:10     | Noticed a death yak
  9035 | D:10     | Noticed a death yak
  9037 | D:10     | Noticed a death yak
  9037 | D:10     | Noticed Sonja
  9051 | D:10     | Killed a death yak
  9052 | D:10     | Reached skill level 5 in Invocations
  9071 | D:10     | Killed a death yak
  9091 | D:10     | Killed a death yak
  9101 | D:10     | Killed Sonja
  9337 | D:10     | Noticed a two-headed ogre
  9341 | D:10     | Killed a two-headed ogre
  9342 | D:10     | Reached skill level 12 in Unarmed Combat
  9350 | D:10     | Reached **** piety under Yredelemnul
  9464 | D:10     | Reached ***** piety under Yredelemnul
  9687 | D:11     | Found a staircase to the Orcish Mines.
  9911 | D:11     | Noticed a green ugly thing
  9931 | D:11     | Killed a green ugly thing
 10039 | D:11     | Reached XP level 12. HP: 105/123 MP: 11/16
 10373 | Orc:1    | Entered Level 1 of the Orcish Mines
 10378 | Orc:1    | You fall into a shaft and drop 1 floor!
 10378 | Orc:2    | Entered Level 2 of the Orcish Mines
 10553 | Orc:2    | Noticed a two-headed ogre
 10561 | Orc:2    | Killed a two-headed ogre
 10637 | Orc:2    | Found a staircase to the Elven Halls.
 10690 | Orc:2    | Noticed a two-headed ogre
 10737 | Orc:2    | Killed a two-headed ogre
 10763 | Orc:2    | HP: 2/123 [orc knight (5)]
 10916 | Orc:2    | Noticed an orc warlord
 11008 | Orc:2    | Killed an orc warlord
 11321 | Orc:2    | Identified a scroll of acquirement
 11322 | Orc:2    | Acquired the +0 storm dragon scales "Laqoroev" {Contam
                  | rElec Str-3 Int+8 Slay+4}
 11813 | Orc:2    | Noticed a two-headed ogre
 11822 | Orc:2    | Killed a two-headed ogre
 11987 | Orc:2    | Reached ****** piety under Yredelemnul
 12076 | Orc:2    | Found Istategg's Book Emporium.
 12076 | Orc:2    | Noticed an orc warlord
 12095 | Orc:2    | Killed an orc warlord
 12096 | Orc:2    | Reached skill level 13 in Unarmed Combat
 12239 | Orc:2    | Reached skill level 10 in Fighting
 12397 | Orc:2    | Reached skill level 10 in Invocations
 12454 | Orc:2    | Found Zourr's Assorted Antiques.
 12529 | Orc:2    | Bought a potion of heal wounds for 150 gold pieces
 12529 | Orc:2    | Bought a potion of curing for 90 gold pieces
 12612 | Orc:2    | Noticed Saint Roka
 12622 | Orc:2    | HP: 4/126 [Saint Roka/divine providence (10)]
 12625 | Orc:2    | Killed from afar by an orc priest

Illustrated notes ######++###### #......@.....# ############## Turn 1 on D:1: !bestwep

#.#.###....≈..8.........
#.#.###....≈≈≈≈≈≈≈≈≈≈≈≈≈
#.#.##.(...........#####
#.#.#.....#####.##.#
#.#.......(# #.##.#
#...........# #.##..
#.........#.## #.###.#
#.###.#......# #.# .# #
#.#..@##......# .#
..###.†......... .# ...
.....#..#### ##
#.###.#..# ... ......
#.. .#. .## ...# .#. !#.
.. .


Turn 196 on D:1: !bestwep #.########### #>.)@<......# ###########.# Turn 721 on
D:2: !bestwep #.......# #....... ##......( .S.....## #...... #..... #.#..####..#
#...@<.....# ........####.## ###.###.# # #.# #.# #.# #.# #.# Turn 1401 on D:3:
!bestwep #.### #...# #.# #.....##.#####.#### #.................#
#...........##.## #..#####.##.# # #.##.# ## ####.##.# ## .. #.......# #. .#
..##.##@# #.#.# #.##.# §§§###.........# #§§§.$.#.##$#..# #§# .. ...# #§# ...
....# ###§# <. ....## #...# # ##.#. #.### #.## Turn 1823 on D:3: !bestwep ## ..
##########.#.# # ...........#.#. .......@#.$#.#. .......<....... .#....#.#..#.#?
#.##.#.#.!#.# # # #.#..(.# #.# #<.# ...........# ..#.#.##...# #.#. ...# Turn
2335 on D:4: !bestwep

Levels and vault maps discovered:
D:1:      lightli_arrival_isolated_outpost, layout_loops_ring,
          minmay_heptomino_h4
D:2:      layout_loops_ring, dreamdust_ecumenical_altar_grove
D:3:      layout_loops_ring, nicolae_tso_besieged_by_evil,
          minmay_misc_feat_tower
D:4:      black_bear_nest_1, layout_basic, fedhas_altar_4, uniq_natasha
D:5:      layout_rooms, lightli_temple_of_fire, minmay_crystal_water
D:6:      nicolae_BIG_FREAKIN_CUBE, layout_basic, nicolae_wooded_promenade,
          uniq_prince_ribbit1
D:7:      layout_layer_cave, okawaru_altar_gauntlet_db,
          minmay_temple_entry_purple_smoke, nicolae_shop_clearance
D:8:      layout_cave_pools, nicolae_vehumet_altar_sigil,
          nicolae_overflow_hidden_temple, serial_rivers,
          chequers_serial_rivers_marsh, chequers_serial_rivers_micro_c,
          chequers_serial_rivers_small_b, chequers_serial_rivers_room_b,
          grunt_ministairs_13, uniq_maurice, uniq_harold
D:9:      lemuel_bear_cage, layout_stronghold, nemelex_xobeh_ov_fountains_minmay
D:10:     layout_loops_ring, dpeg_lair_monsters, st_stairs_7, uniq_sonja
D:11:     layout_cave_pools, erik_orc_4, hellmonk_bongcloud_opening
Temple:   minmay_freezing_vapour_temple
Orc:1:    layout_caves, basic_altar, serial_shops, nicolae_shop_waterfront,
          library_closet
Orc:2:    pubby_orc_utopia

Skill      XL: |  1  2  3  4  5  6  7  8  9 10 11 12 |
---------------+-------------------------------------+-----
Unarmed Combat | 1 2 3 5 6 7 9 10 11 12 13 | 13.2
Fighting       | 2 3 4 5 6 8 9 10 | 10.1
Throwing       | 4 6 8 |  8.0
Invocations    | 3 7 10 | 10.1
Dodging        | |  1.5
Stealth        | |  0.3

Action                   |  1- 3 |  4- 6 |  7- 9 | 10-12 || total
-------------------------+-------+-------+-------+-------++-------
Melee: Unarmed           |    83 |    60 |   278 |   458 ||   879
       Dagger            |    56 |   123 |       |       ||   179
       Punch             |     1 |     6 |    11 |    36 ||    54
Throw: Stone             |     3 |     9 |    38 |       ||    50
       Dart              |       |     5 |    23 |    47 ||    75
       Large rock        |       |     2 |       |       ||     2
Invok: Recall Undead Har |       |       |     4 |    13 ||    17
       Dark Bargain      |       |       |       |     8 ||     8
       Bind Soul         |       |       |       |     2 ||     2
       Drain Life        |       |       |       |     1 ||     1
Evoke: Wand              |       |       |     3 |     6 ||     9
  Use: Scroll            |     4 |     3 |     9 |     6 ||    22
       Potion            |       |       |     2 |     5 ||     7
 Stab: Sleeping          |     1 |       |     1 |     1 ||     3
       Distracted        |       |       |       |     1 ||     1
       Paralysed         |       |       |       |     1 ||     1
Armor: Robe              |    48 |    48 |    80 |    82 ||   258
       Skin              |       |       |     8 |       ||     8
       Storm dragon scal |       |       |       |    47 ||    47
Dodge: Dodged            |    80 |   103 |   152 |   187 ||   522
       Repelled          |       |       |     2 |     1 ||     3

Table legend: (Time is in decaauts)
 A = Elapsed time spent in this place.
 B = Non-inter-level travel time spent in this place.
 C = Inter-level travel time spent in this place.
 D = Time resting spent in this place.
 E = Time spent auto-exploring this place.
 F = Levels seen in this place.
 G = Mean time per level.
                   A        B        C        D        E       F      G
               +--------+--------+--------+--------+--------+-----+--------+
         Total |  12476 |  11985 |    491 |    561 |   7567 |  14 |  891.1 |
       Dungeon |  10261 |   9770 |    491 |    238 |   6423 |  11 |  932.8 |
        Temple |     10 |     10 |      0 |      0 |      0 |   1 |   10.0 |
  Orcish Mines |   2203 |   2203 |      0 |    323 |   1144 |   2 | 1101.5 |
               +--------+--------+--------+--------+--------+-----+--------+

Top non-repeatable levels by time:
   Orc:2: 2199 daAuts
     D:7: 1340 daAuts
     D:4: 1294 daAuts
     D:9: 1208 daAuts
     D:8: 959 daAuts
     D:3: 926 daAuts
     D:6: 891 daAuts
    D:10: 795 daAuts
     D:5: 741 daAuts
    D:11: 711 daAuts
     D:1: 709 daAuts
     D:2: 684 daAuts
  Temple: 10 daAuts
   Orc:1: 4 daAuts
